 Dungeon Crawl Stone Soup version 0.31.0-12-g77e489cdc1 (webtiles) character file.

Game seed: 18353549915764804830

110 spaghetti the Trooper (level 5, -2/43 HPs)
             Began as a Formicid Berserker on Feb 15, 2024.
             Was a Believer of Trog.
             Slain by an orc
             ... wielding a +0 trident
              (6 damage)
             ... on level 3 of the Dungeon.
             The game lasted 00:02:44 (2107 turns).

spaghetti the Trooper (Formicid Berserker)          Turns: 2107, Time: 00:02:44

Health: -2/43      AC:  3    Str: 23    XL:     5   Next: 14%
Magic:  5/5        EV: 12    Int:  7    God:    Trog [**....]
Gold:   76         SH:  5    Dex: 13    Spells: 4/4 levels left

rFire   . . .        a - +1 mace
rCold   . . .        (no shield)
rNeg    . . .        b - +0 animal skin
rPois   +            (helmet unavailable)
rElec   .            j - +0 cloak
rCorr   .            (no gloves)
SInv    +            (no boots)
Will    .....        k - amulet of reflection
Stlth   +            e - ring of poison resistance
HPRegen 0.27/turn    (no ring)
MPRegen 0.09/turn

%: reflection
@: no status effects
A: permanent stasis, dig shafts and tunnels, antennae 3, four strong arms
a: Dig, Shaft Self, Renounce Religion, Trog's Hand


You were on level 3 of the Dungeon.
You worshipped Trog.
Trog was pleased with you.
You visited 1 branch of the dungeon, and saw 4 of its levels.

You collected 76 gold pieces.

Inventory:

Hand Weapons
 a - a +1 mace (weapon)
Armour
 b - a +0 animal skin (worn)
 j - a +0 cloak (worn)
Jewellery
 e - a ring of poison resistance (left hand)
 k - an amulet of reflection (around neck)
Scrolls
 c - a scroll of amnesia {unknown}
 d - 2 scrolls of teleportation
 h - a scroll of revelation


   Skills:
 + Level 4.4 Fighting
 + Level 3.9 Maces & Flails
 + Level 3.5 Armour
 - Level 1.7 Dodging


You had 4 spell levels left.
You didn't know any spells.
Your spell library was empty.

Dungeon Overview and Level Annotations

Branches:
Dungeon (4/15)
 Temple: D:4-7

Altars:


Innate Abilities, Weirdness & Mutations

You cannot be hasted, slowed, berserked, paralysed or teleported.
You can dig through walls and to a lower floor.
You have a pair of large antennae on your head. (SInv)
Your four strong arms can wield two-handed weapons with a shield.


Message History

You barely miss the orc wizard.
The orc wizard is moderately wounded.
The orc cheers loudly, as Orcs often do.
The orc hits you but does no damage. The orc wizard completely misses you.
You sock the orc wizard!
You kill the orc wizard!
Trog accepts your kill.
Trog appreciates your killing of a magic user.
The orc barely misses you. The orc hits you but does no damage.
The orc closely misses you.
You have reached level 5!
You barely miss the orc.
The orc hits you from afar with a +0 trident!
* * * LOW HITPOINT WARNING * * *
The orc closely misses you.
As you read the scroll labelled LEOSEL DIOS, it crumbles to dust.
You feel aware of your surroundings.
It was a scroll of revelation.
The orc hits you from afar with a +0 trident!
* * * LOW HITPOINT WARNING * * *
You block the orc's attack. The orc is attracted toward you. x2
You aren't carrying any potions.
As you read the scroll labelled OKUID ROANG, it crumbles to dust.
It is a scroll of enchant weapon.
Your +0 mace glows red for a moment.
As you read the scroll labelled UDAMITU KAUJ, it crumbles to dust.
You feel a strange sense of stasis.
It was a scroll of teleportation.
The orc barely misses you.
As you read the scroll labelled GAOK MAQOREI, it crumbles to dust.
It is a scroll of identify.
g - a scroll of fear The orc closely misses you.
As you read the scroll of fear, it crumbles to dust.
You assume a fearsome visage.
The orc looks frightened! x2
The gnoll looks frightened! x2; The orc is attracted toward you.
The gnoll is attracted toward you.
Cornered, the orc turns to fight!
The orc is attracted toward you. x2
The gnoll is attracted toward you.
You feel less attractive to monsters.
The orc hits you from afar with a +0 trident.
You die...

#........############
#........#..........#
#........'.....######
###........#.###.#######
..'........#.###.#######
###..).....#.###.#######
###.)......#.###.#######
..#........#.###.#######
#.#........#.###@#######
#.#........#.###.#######
#.#........#.###o#######
#.######'###.###o#######
#.#,,,,,.###.###g#######
#.#,,,,,,##....§....####
#.#,,,,,,##.....§...####
#.#,,,,,,##..{......####
#.#,*****##.........####


You could see a gnoll (fleeing) and 2 orcs.

Vanquished Creatures
  2 orc wizards (D:3)
  A gnoll (D:3)
  An adder (D:3)
  5 orcs (D:3)
  An endoplasm (D:3)
  A giant cockroach (D:1)
  2 goblins
  4 hobgoblins
  4 quokkas
  3 ball pythons
  3 bats
  A frilled lizard (D:1)
  6 kobolds
  2 rats (D:1)
36 creatures vanquished.

Notes
Turn   | Place    | Note
-------+----------+-------------------------------------------
     0 | D:1      | spaghetti the Formicid Berserker began the quest for the
                  | Orb.
     0 | D:1      | Reached XP level 1. HP: 18/18 MP: 1/1
   543 | D:1      | Reached XP level 2. HP: 17/24 MP: 2/2
  1189 | D:2      | You fall into a shaft and drop 2 floors!
  1332 | D:4      | Reached XP level 3. HP: 20/30 MP: 3/3
  1474 | D:3      | Reached ** piety under Trog
  1849 | D:3      | Found a faded altar of an unknown god.
  1897 | D:3      | Reached skill level 4 in Fighting
  1897 | D:3      | Reached XP level 4. HP: 22/37 MP: 4/4
  2099 | D:3      | Reached XP level 5. HP: 17/43 MP: 5/5
  2100 | D:3      | HP: 2/43 [orc/+0 trident (7)]
  2107 | D:3      | Slain by an orc

Illustrated notes

Levels and vault maps discovered:
D:1:      lightli_arrival_isolated_outpost, layout_basic, corexii_hall_statues_l
D:2:      layout_rooms
D:3:      layout_basic, hellmonk_ecumenical_altar_leap_of_faith, minmay_cut_off
D:4:      layout_loops_ring, gammafunk_temple_overflow_statue

Skill      XL: |  1  2  3 |
---------------+----------+-----
Fighting       | 4 |  4.4
Armour         | 3 |  3.5
Maces & Flails | |  3.9
Dodging        | |  1.7

Action                     |  1- 3 |  4- 6 || total
---------------------------+-------+-------++-------
  Melee: Mace              |   117 |    18 ||   135
         Punch             |     1 |       ||     1
Ability: Dig               |     1 |       ||     1
         Shaft Self        |     1 |       ||     1
    Use: Potion            |     2 |     2 ||     4
         Scroll            |       |     5 ||     5
   Stab: Sleeping          |     4 |       ||     4
 Armour: Animal skin       |    83 |    18 ||   101
  Dodge: Dodged            |   101 |    18 ||   119
  Block: Other             |       |     3 ||     3
